Map: Crête de Lerilak

Players

Haudrauf

  • Race: Protoss Protoss
  • League: Silver
  • Spawn Location: 5:00

zidar - Winner!

  • Race: Zerg Zerg
  • League: Silver
  • Spawn Location: 7:00

VOD

Have the link to the VOD?

Description

Time

  • Played on: Nov. 27, 2015, 3:08 p.m.
  • Length: 10:52
Show
View Real Time Build Order
Export as new Build Order

Haudrauf Protoss 

Build Orders:  

Get SALT Encoding   

  12  0:01  Probe (Chrono Boost)  
  13  0:11  Probe (Chrono Boost)  
  14  0:20  Pylon  
  14  0:22  Probe (Chrono Boost)  
  15  0:38  Probe (Chrono Boost)  
  16  0:43  Gateway  
  16  0:45  Assimilator  
  16  0:49  Probe (Chrono Boost)  
  17  1:04  Forge  
  17  1:05  Probe (Chrono Boost)  
  18  1:15  Probe (Chrono Boost)  
  19  1:23  Gateway  
  19  1:26  Probe (Chrono Boost)  
  20  1:36  Probe (Chrono Boost)  
  20  1:39  Cybernetics Core  
  21  1:47  Zealot  
  21  1:50  Pylon  
  23  2:04  Pylon  
  23  2:08  Probe (Chrono Boost)  
  24  2:10  Zealot  
  26  2:16  Warp Gate (Chrono Boost)  
  26  2:21  Probe  
  26  2:22  Assimilator  
  27  2:25  Protoss Ground Weapons Level 1 (Chrono Boost)  
  27  2:29  Zealot  
  29  2:57  Stargate, Probe  
  30  3:01  Zealot  
  30  3:02  Zealot  
  34  3:12  Mothership Core  
  36  3:29  Nexus  
  36  3:36  Pylon  
  36  3:56  Pylon  
  36  3:58  Void Ray  
  44  4:19  Protoss Ground Armor Level 1 (Chrono Boost)  
  40  4:37  Gateway  
  40  4:38  Gateway  
  40  4:44  Stalker  
  42  4:47  Stargate, Probe  
  43  4:58  Probe  
  44  5:05  Void Ray (Chrono Boost)  
  48  5:14  Probe  
  48  5:20  Probe  
  50  5:24  Probe  
  50  5:28  Stalker  
  53  5:33  Probe  
  53  5:35  Probe  
  54  5:37  Pylon  
  55  5:45  Probe  
  55  5:47  Oracle (Chrono Boost)  
  59  5:51  Probe  
  59  5:56  Probe  
  61  6:06  Probe  
  61  6:09  Assimilator  
  61  6:11  Probe  
  63  6:13  Assimilator  
  63  6:14  Stalker  
  63  6:17  Probe  
  65  6:23  Oracle (Chrono Boost), Probe  
  70  6:32  Probe  
  70  6:38  Probe  
  72  6:42  Stalker x2  
  72  6:43  Probe  
  77  6:50  Probe  
  78  6:57  Pylon  
  78  6:59  Pylon  
  78  7:05  Pylon  
  78  7:08  Pylon  
  78  7:14  Oracle (Chrono Boost), Probe, Protoss Shields Level 1  
  78  7:16  Protoss Air Weapons Level 1 (Chrono Boost)  
  82  7:24  Probe  
  83  7:31  Photon Cannon  
  83  7:34  Photon Cannon  
  83  7:35  Probe  
  84  7:38  Photon Cannon  
  84  7:39  Stalker  
  84  7:42  Oracle  
  89  8:02  Stalker x4  
  97  8:09  Void Ray  
  101  8:31  Nexus  
  101  8:34  Pylon  
  101  8:36  Stalker  
  103  8:44  Pylon  
  103  8:47  Pylon  
  103  8:54  Stalker  
  103  8:55  Stalker x2  
  109  9:04  Stalker  
  111  9:14  Fleet Beacon  
  98  9:49  Stalker x3  
  98  9:50  Stalker  
  110  10:09  Stargate  
  80  10:29  Stalker x4  
Show
View Real Time Build Order
Export as new Build Order

zidar Zerg - Winner!

Build Orders: Hatch First 

Get SALT Encoding   

  12  0:02  Drone  
  13  0:13  Overlord  
  13  0:17  Drone  
  14  0:33  Drone x2  
  16  0:37  Drone  
  17  0:59  Hatchery, Drone  
  17  1:12  Extractor  
  16  1:21  Drone  
  17  1:31  Spawning Pool  
  16  1:42  Drone  
  16  1:45  Drone  
  16  1:47  Overlord  
  18  2:21  Drone x3  
  21  2:28  Hatchery  
  19  2:35  Queen  
  21  2:41  Queen  
  23  2:58  Drone x5  
  28  3:04  Extractor  
  27  3:06  Metabolic Boost  
  27  3:22  Queen  
  29  3:43  Roach Warren, Drone x6  
  34  4:07  Lair  
  34  4:11  Drone x7  
  34  4:16  Extractor  
  40  4:18  Extractor  
  39  4:33  Zergling x2  
  39  4:34  Zergling x2  
  41  4:42  Drone  
  41  4:44  Overlord x2  
  41  4:45  Overlord  
  42  5:12  Roach  
  42  5:13  Roach x7  
  58  5:16  Overlord x3  
  58  5:21  Overlord  
  58  5:28  Hydralisk Den  
  57  5:30  Drone  
  57  5:34  Drone x2  
  60  5:46  Drone x5  
  65  6:01  Evolution Chamber  
  65  6:02  Muscular Augments  
  65  6:03  Evolution Chamber  
  63  6:04  Glial Reconstitution  
  63  6:14  Drone x3  
  63  6:15  Drone  
  67  6:24  Roach x4  
  75  6:37  Zerg Missile Weapons Level 1, Zerg Ground Armor Level 1  
  75  6:46  Drone  
  76  6:47  Drone x7  
  76  6:54  Overlord x2  
  83  7:25  Roach x7  
  97  7:33  Overlord  
  97  7:34  Overlord x3  
  97  7:53  Hydralisk x2  
  97  7:54  Hydralisk x3  
  97  7:55  Hydralisk x4  
  97  7:56  Hydralisk x2  
  118  8:16  Spore Crawler  
  118  8:18  Spore Crawler  
  116  8:22  Spore Crawler  
  115  8:27  Spore Crawler  
  114  8:37  Spore Crawler  
  114  8:38  Spore Crawler  
  112  8:42  Hydralisk x3  
  112  8:43  Hydralisk x4  
  112  8:44  Hydralisk  
  128  8:49  Overlord  
  128  8:50  Overlord x4  
  117  9:50  Ravager x4  
  117  9:51  Ravager  
  117  9:52  Ravager  
  123  10:01  Drone x2  
  123  10:02  Drone x4  
  123  10:03  Drone x2  
  123  10:04  Drone x4  
  123  10:05  Drone x3  
Tags
 
Add a new tag
Caveats
  • Supply blocks, unpowered buildings, or Contaminate may cause inaccurate times.
  • Supply counts are checked every 10 seconds.